 Dungeon Crawl Stone Soup version 0.24.0-13-gcf9b3192b9 (webtiles) character file.

Game seed: 12481171385638523999, levelgen mode: deterministic

656 Aviak the Shield-Bearer (level 7, 37/66 HPs)
             Began as a Deep Dwarf Fighter on Nov 9, 2019.
             Quit the game in a sewer.
             The game lasted 00:04:02 (4444 turns).

Aviak the Shield-Bearer (Deep Dwarf Fighter)        Turns: 4444, Time: 00:04:02

Health: 37/66      AC:  7    Str: 24    XL:     7   Next: 29%
Magic:  7/7        EV:  8    Int:  9    God:
Gold:   156        SH: 10    Dex: 12    Spells: 6/6 levels left

rFire    . . .     SeeInvis .   v - -1 war axe (curse)
rCold    . . .     Gourm    .   c - +0 shield
rNeg     . . .     Faith    .   b - +0 scale mail
rPois    .         Spirit   .   (no helmet)
rElec    .         Reflect  .   (no cloak)
rCorr    .         Harm     .   (no gloves)
MR       +....                  (no boots)
Stlth    ..........             (no amulet)
HPRegen  0.00/turn              B - ring of flight
MPRegen  0.10/turn              y - +3 ring of strength

@: mildly poisoned (37 -> 37), non-regenerating
A: damage resistance, heal wounds, sense surroundings 1, no regeneration
a: Heal Wounds, Evoke Flight


You were in a sewer.
You were very hungry.

You visited 1 branch of the dungeon, and saw 6 of its levels.
You also visited: Sewer.

You collected 306 gold pieces.
You spent 150 gold pieces at shops.

Inventory:

Hand Weapons
 a - a +0 war axe
 v - a cursed -1 war axe (weapon)
Armour
 b - a +0 scale mail (worn)
 c - a +0 shield (worn)
Jewellery
 t - an uncursed ring of fire
 y - a +3 ring of strength (right hand)
 B - a ring of flight (left hand)
Wands
 q - a wand of flame (21)
 z - a wand of disintegration (13)
Scrolls
 e - 5 scrolls of identify
 i - 6 scrolls of enchant weapon {unknown}
 m - 2 scrolls of enchant armour {unknown}
 p - 4 scrolls of remove curse {unknown}
 r - 5 scrolls of teleportation
 s - a scroll of amnesia {unknown}
 u - a scroll of fear {unknown}
 x - a scroll of blinking
Potions
 d - 2 potions of might
 g - 2 potions of degeneration {unknown}
 h - 7 potions of heal wounds {unknown}
 j - a potion of lignification {unknown}
 k - 4 potions of curing {unknown}
 l - 2 potions of resistance {unknown}
 n - a potion of mutation {unknown}
 o - 2 potions of berserk rage {unknown}
 w - a potion of brilliance {unknown}
 A - a potion of agility {unknown}
 C - 2 potions of magic {unknown}
 D - 2 potions of haste {unknown}
Comestibles
 f - 10 rations


   Skills:
 + Level 4.5 Fighting
 + Level 4.9 Axes
 + Level 5.4 Armour
 + Level 5.4 Shields


You had 6 spell levels left.
You didn't know any spells.
Your spell library was empty.

Dungeon Overview and Level Annotations

Branches:
Dungeon (6/15)              Sewer (1/1)
 Temple: D:4-7

Altars:
Gozag
Qazlal
Sif Muna
Trog

Shops:
D:4 ?


Innate Abilities, Weirdness & Mutations

You are resistant to damage.
You can heal yourself by infusing magical energy.
You passively map a small area around you.
You do not regenerate.


Message History

The jackal bites you but does no damage.
The adder bites the plant.
The jackal completely misses you.
The adder bites the plant but does no damage.
You slash the jackal!
You kill the jackal!
You hit the plant but do no damage. You block the adder's attack.
Your shield prevents you from hitting the adder.
You hit the plant but do no damage. The adder closely misses you.
The adder completely misses you. The adder misses you.
You closely miss the adder. The adder closely misses you.
The adder bites you but does no damage.
You completely miss the adder. You block the adder's attack.
The adder bites you.
You are poisoned.
The adder poisons you!
You closely miss the adder. The adder bites you.
You slash the adder!
You kill the adder!
Are you sure you want to abandon this character and quit the game? (Confirm with "yes".)

.≈#≈#.≈.≈#≈#.≈≈..≈≈≈≈≈≈≈≈≈≈≈ ≈
≈≈#≈#≈.≈(...≈..≈≈..########≈
.≈#≈#.≈÷P≈....≈≈≈.≈P≈≈≈≈≈≈ *
≈≈#≈#.....≈≈.≈≈..PP####### *≈
.≈#≈#≈≈#≈#(≈.≈≈≈..≈≈≈≈≈≈≈≈≈ * #
########≈#.(..≈.≈P≈≈≈≈≈≈≈≈ ≈#
≈≈≈≈≈≈≈#≈#≈≈.≈≈≈P≈≈≈≈≈≈≈≈≈≈ ≈# ≈
########≈#...≈≈..≈≈≈≈≈≈≈≈≈≈,#≈#≈≈
* #PP≈#..)≈.≈@≈≈≈≈≈≈≈≈≈, ..PP≈ ≈
#P##≈#.≈≈PP)############PP..≈ **
,# #≈#≈≈≈≈PP≈≈≈≈≈≈≈≈≈≈≈≈Ph... ###
#≈#.≈....############PK.?≈ ..##
###≈#≈≈≈≈..≈.≈≈≈≈≈≈≈ .≈≈.≈ ≈≈.#
#≈......≈..≈.≈≈≈≈≈≈≈≈ ,≈≈.P≈
P###########PP≈.≈.≈≈≈≈≈≈≈≈ ...P≈
P≈≈≈≈≈≈≈≈≈≈≈P.≈≈≈≈≈≈≈≈≈≈≈ , ≈#≈##
≈###########≈.≈≈≈≈≈≈≈≈≈≈≈ ##≈#


There were no monsters in sight!

Vanquished Creatures
  Grinder (D:6)
  A bullfrog (D:6)
  A scorpion (D:6)
  A centaur zombie (D:6)
  A gnoll shaman (D:5)
  2 worker ants
  A hound skeleton (D:5)
  5 gnolls
  7 adders
  A river rat (D:6)
  A shadow imp (D:6)
  2 adder zombies
  2 worms (D:6)
  A leopard gecko (D:2)
  An orc (D:3)
  10 ball pythons
  4 bats
  4 giant cockroaches
  7 goblins (D:1)
  5 hobgoblins
  5 jackals
  2 quokkas
  6 frilled lizards
  A jackal skeleton (D:5)
  14 kobolds
  13 rats
  A plant (Sewer)
100 creatures vanquished.

Vanquished Creatures (others)
  A plant (Sewer)
1 creature vanquished.

Grand Total: 101 creatures vanquished

Notes
Turn   | Place    | Note
-------+----------+-------------------------------------------
     0 | D:1      | Aviak the Deep Dwarf Fighter began the quest for the Orb.
     0 | D:1      | Reached XP level 1. HP: 20/20 MP: 1/1
    21 | D:1      | Reached XP level 2. HP: 25/27 MP: 2/2
   339 | D:1      | Reached XP level 3. HP: 14/34 MP: 3/3
   786 | D:2      | Found a faded altar of an unknown god.
  1007 | D:2      | Reached XP level 4. HP: 40/42 MP: 4/4
  1267 | D:2      | Found a shimmering blue altar of Sif Muna.
  1526 | D:3      | Found an opulent altar of Gozag.
  2219 | D:4      | Found Xuohamun's Magic Scroll Boutique.
  2223 | D:4      | Bought a scroll of blinking for 90 gold pieces
  2223 | D:4      | Bought a scroll of teleportation for 36 gold pieces
  2223 | D:4      | Bought a scroll of identify for 24 gold pieces
  2524 | D:4      | Found a stormy altar of Qazlal.
  2994 | D:5      | Entered Level 5 of the Dungeon
  3018 | D:5      | Noticed a moth of wrath
  3021 | D:5      | Found a bloodstained altar of Trog.
  3032 | D:5      | Reached XP level 5. HP: 36/49 MP: 5/5
  3740 | D:6      | Noticed Grinder
  3753 | D:6      | Paralysed by Grinder for 5 turns
  3761 | D:6      | Paralysed by Grinder for 5 turns
  3771 | D:6      | Paralysed by Grinder for 5 turns
  3783 | D:6      | Paralysed by Grinder for 3 turns
  3787 | D:6      | Killed Grinder
  3787 | D:6      | Reached skill level 5 in Shields
  3787 | D:6      | Reached XP level 6. HP: 16/57 MP: 6/6
  3831 | D:6      | Reached skill level 5 in Armour
  3920 | D:6      | Reached XP level 7. HP: 42/66 MP: 7/7
  4027 | D:6      | Found a glowing drain.
  4038 | Sewer    | Entered a sewer
  4444 | Sewer    | Quit the game

Levels and vault maps discovered:
D:1:      psy_arrival_statuary, layout_loops_ring
D:2:      layout_rooms, lemuel_blue_sif_altar, chequers_ecumenical_altar_simple,
          first_ration, minmay_snake_closets
D:3:      layout_basic, grunt_gozag_breadcrumbs, uniq_crazy_yiuf_cottage
D:4:      layout_basic, overflow_temple_1_default, serial_shops,
          nicolae_shop_statue_plus, serial_glass, glass_columns_a,
          glass_columns_a, glass_columns_b, glass_columns_c, glass_columns_b,
          glass_columns_c, glass_columns_a, glass_columns_a
D:5:      layout_loops_ring, tgw_trog, minmay_misc_feat_x
D:6:      layout_loops_cross, minmay_temple_entry_nine_rooms,
          portal_sewer_entry_e, grunt_ministairs_13, uniq_grinder, uniq_menkaure
Sewer:    sewer_co_scattered_pipes

Skill      XL: |  1  2  3  4  5  6 |
---------------+-------------------+-----
Fighting       | 3 4 |  4.5
Axes           | 3 4 |  4.9
Armour         | 4 5 |  5.4
Shields        | 4 5 |  5.4

Action                   |  1- 3 |  4- 6 |  7- 9 || total
-------------------------+-------+-------+-------++-------
Melee: War axe           |   174 |   164 |    93 ||   431
 Abil: Heal Wounds       |     1 |     5 |     1 ||     7
  Eat: Chunk             |     1 |     7 |       ||     8
       Ration            |       |     1 |       ||     1
Armor: Scale mail        |    85 |    76 |    25 ||   186
Dodge: Dodged            |    46 |    41 |    31 ||   118
Block: Shield            |    99 |    92 |    44 ||   235
